 Dungeon Sprint DCSS version 0.30-a0-40-gc6d0f036a7 (webtiles) character file.

Game seed: 18239451765967860623

203 mhtbhm the Grappler (level 5, -1/41 HPs)
             Began as a Draconian Transmuter on Aug 29, 2022.
             Slain by a shadow (4 damage)
             ... in the Dungeon (Sprint III: "The Ten Rune Challenge").
             The game lasted 00:01:19 (855 turns).

mhtbhm the Grappler (Draconian Transmuter)           Turns: 855, Time: 00:01:20

Health: -1/41      AC:  5    Str: 14    XL:     5   Next: 51%
Magic:  10/12      EV: 13    Int: 14    God:
Gold:   38         SH:  0    Dex: 11    Spells: 4/14 levels left

rFire   . . .      SeeInvis .      - Unarmed
rCold   . . .      Faith    .    (no shield)
rNeg    . . .      Spirit   .    (body armour unavailable)
rPois   .          Reflect  .    (helmet currently unavailable)
rElec   .          Harm     .    (no cloak)
rCorr   .          Rampage  .    (no gloves)
Will    .....      NoTele   +    (boots currently unavailable)
Stlth   +.........               (no amulet)
HPRegen 0.13/turn                (no ring)
MPRegen 0.13/turn                (no ring)

@: appendages, wereblooded
A: horns 2, talons 2, AC +5, unfitting armour, cold-blooded
a: End Transformation


You were in the Dungeon.
You had temporarily grown beastly horns and talons.
You visited 1 branch You collected 38 gold pieces.

Inventory:

Wands
 m - a wand of light (9)
Scrolls
 g - a scroll of blinking
 h - a scroll of immolation {unknown}
 i - 3 scrolls of identify
 j - a scroll of poison {unknown}
Potions
 a - a potion of lignification
 b - 2 potions of curing
 c - 2 potions of heal wounds
 d - a potion of haste
 e - 2 potions of magic
 f - a potion of berserk rage
 k - a potion of flight {unknown}
 l - 5 potions of mutation


   Skills:
 + Level 2.2 Fighting
 + Level 4.0 Dodging
 + Level 1.0 Stealth
 + Level 8.1 Unarmed Combat
 + Level 5.3 Spellcasting
 + Level 5.0 Transmutations
 + Level 0.5 Poison Magic


You had 4 spell levels left.
You knew the following spells:

 Your Spells              Type           Power      Damage    Failure   Level
a - Beastly Appendage     Tmut           34%        N/A       2%          1
b - Wereblood             Tmut           17%        N/A       3%          2
c - Spider Form           Tmut/Pois      11%        N/A       16%         3
d - Ice Form              Ice/Tmut       10%        N/A       52%         4

Your spell library contained the following spells:

 Spells                   Type           Power      Damage    Failure   Level


Dungeon Overview and Level Annotations

Branches:
Dungeon (1/1)

Altars:
Dithmenos
Ru
Yredelemnul


Innate Abilities, Weirdness & Mutations

You have temporarily grown beastly horns and talons.
Your plain brown scales are hard. (AC +5)
You cannot fit into any form of body armour.
You are cold-blooded and may be slowed by cold attacks.


Message History

Confirm with . or Enter, or press ? or * to list all spells.
Your blood is infused with primal strength.
You open the door.
A jelly comes into view.
The jelly quivers.
A shadow comes into view.
There is an open door here.
You completely miss the shadow. The shadow hits you!
You barely miss the shadow. You claw the shadow.
Your tail-slap misses the shadow.
The shadow is lightly damaged.
You barely miss the shadow. You claw the shadow, but do no damage.
Your tail-slap misses the shadow.
Your punch misses the shadow.
The shadow is lightly damaged.
The shadow barely misses you.
You hit the shadow. You claw the shadow, but do no damage.
The shadow is lightly damaged.
The shadow misses you.
You closely miss the shadow. Your kick misses the shadow.
The shadow is lightly damaged.
The shadow slips into darkness.
The shadow flickers and vanishes!
Deactivating autopickup; reactivate with Ctrl-A.
You hit something. Your kick misses something. Your punch misses something.
The shadow strikes at you from the darkness!
Reactivating autopickup.
You hit the shadow. You claw the shadow, but do no damage.
The shadow is heavily damaged.
The shadow slips into darkness.
The shadow flickers and vanishes!
Deactivating autopickup; reactivate with Ctrl-A.
You hit something. Your headbutt misses something.
The shadow strikes at you from the darkness!
Ouch! That really hurt!
* * * LOW HITPOINT WARNING * * *
Reactivating autopickup.
You completely miss the shadow. You punch the shadow, but do no damage.
The shadow is severely damaged.
The shadow hits you.
You die...

▓▓▓ ##.# ####
####..# #__#
#..#..# #._#
#..#..###+#+###)##
##'#..#..........#
###...'.⌠.......@#
###...#...######W#
##÷...#.⌠.# #..J#
#.....#...# #...#
......#+### #...#
#.....# #...+
##....# +...#
▓▓▓▓▓▓ ▓▓▓▓▓


You could see a shadow and a jelly.

Vanquished Creatures
  A necrophage (D)
  A water elemental (D)
  Jessica (D)
  A necromancer (D)
  A human (D)
  A wolf (D)
  An endoplasm (D)
  2 rats (D)
9 creatures vanquished.

Notes
Turn   | Place    | Note
-------+----------+-------------------------------------------
     0 | D        | mhtbhm the Draconian Transmuter began the quest for the
                  | Orb.
     0 | D        | Reached XP level 1. HP: 16/16 MP: 3/3
   187 | D        | Noticed Jessica
   197 | D        | Killed Jessica
   198 | D        | Reached skill level 5 in Unarmed Combat
   198 | D        | Reached XP level 2. HP: 8/23 MP: 1/6
   198 | D        | Reached XP level 3. HP: 10/28 MP: 1/7
   248 | D        | Learned a level 2 spell: Wereblood
   252 | D        | Learned a level 3 spell: Spider Form
   406 | D        | Reached skill level 6 in Unarmed Combat
   586 | D        | Noticed a water elemental
   594 | D        | Killed a water elemental
   595 | D        | Reached skill level 7 in Unarmed Combat
   595 | D        | Reached XP level 4. HP: 36/36 MP: 6/10
   801 | D        | Learned a level 4 spell: Ice Form
   802 | D        | Found a shadowy altar of Dithmenos.
   802 | D        | Noticed a necrophage
   806 | D        | Killed a necrophage
   807 | D        | Reached skill level 5 in Spellcasting
   807 | D        | Reached XP level 5. HP: 40/41 MP: 8/12
   810 | D        | Reached skill level 1 in Stealth
   810 | D        | Reached skill level 8 in Unarmed Combat
   810 | D        | Reached skill level 5 in Transmutations
   810 | D        | Found a basalt altar of Yredelemnul.
   810 | D        | Found a sacrificial altar of Ru.
   845 | D        | Noticed a shadow
   855 | D        | Slain by a shadow

Illustrated notes

Levels and vault maps discovered:
D:        dungeon_sprint_mu [sprint_mu_entry_cave, sprint_mu_temple_rooms,
          sprint_mu_d1_horrors, sprint_mu_d2_genie, sprint_mu_d3_branching,
          sprint_mu_orc_legion, sprint_mu_elf_gauntlet, sprint_mu_hive_nellie,
          sprint_mu_lair_fedhas, sprint_mu_vaults_butterflies,
          sprint_mu_slime_circle, sprint_mu_swamp_cave, sprint_mu_snake_twists,
          sprint_mu_blade_basic, sprint_mu_crypt_fortress,
          sprint_mu_tomb_spiral, sprint_mu_vestibule_basic,
          sprint_mu_gehenna_hellfire, sprint_mu_dis_giant,
          sprint_mu_tartarus_statrot, sprint_mu_cocytus_islands, sprint_mu_zot1]

Skill      XL: |  1  2  3  4  5 |
---------------+----------------+-----
Dodging        | 2 3 4 |  4.0
Unarmed Combat | 5 7 8 |  8.1
Spellcasting   | 3 4 5 |  5.3
Transmutations | 4 5 |  5.0
Fighting       | 2 |  2.2
Stealth        | 1 |  1.0
Poison Magic   | |  0.5

Action                   |  1- 3 |  4- 6 || total
-------------------------+-------+-------++-------
Melee: Unarmed           |    25 |    16 ||    41
       Tailslap          |     3 |     1 ||     4
       Kick              |     2 |     5 ||     7
       Headbutt          |     1 |     3 ||     4
       Punch             |     1 |     1 ||     2
 Cast: Beastly Appendage |     5 |     2 ||     7
       Wereblood         |     2 |     2 ||     4
       Spider Form       |     1 |       ||     1
  Use: Potion            |     1 |       ||     1
Armor: Skin              |     5 |       ||     5
Dodge: Dodged            |    10 |     4 ||    14

Table legend: (Time is in decaauts)
 A = Elapsed time spent in this place.
 B = Non-inter-level travel time spent in this place.
 C = Inter-level travel time spent in this place.
 D = Time resting spent in this place.
 E = Time spent auto-exploring this place.
 F = Levels seen in this place.
 G = Mean time per level.
                   A        B        C        D        E       F      G
               +--------+--------+--------+--------+--------+-----+--------+
         Total |    856 |    856 |      0 |    680 |     14 |   1 |  856.0 |
       Dungeon |    856 |    856 |      0 |    680 |     14 |   1 |  856.0 |
               +--------+--------+--------+--------+--------+-----+--------+

Top non-repeatable levels by time:
       D: 856 daAuts
